 Dungeon Crawl Stone Soup version 0.30-a0-509-gd016549fea (webtiles) character file.

Game seed: 2944120615309477908

51 wormed the Magician (level 4, -1/31 HPs)
             Began as a Djinni Conjurer on Dec 23, 2022.
             Slain by a frilled lizard (2 damage)
             ... on level 1 of the Dungeon.
             The game lasted 00:02:08 (1010 turns).

wormed the Magician (Djinni Conjurer)               Turns: 1010, Time: 00:02:08

Health: -1/31      AC:  2    Str:  6    XL:     4   Next: 7%
Gold:   60         EV: 12    Int: 22    God:
                   SH:  0    Dex: 11

rFire   + + .      SeeInvis .    (no weapon)
rCold   x . .      Faith    .    (no shield)
rNeg    . . .      Spirit   .    a - +0 robe
rPois   ∞          Reflect  .    (no helmet)
rElec   .          Harm     .    (no cloak)
rCorr   .          Rampage  .    (no gloves)
Will    .....                    (boots unavailable)
Stlth   ++........               (no amulet)
HPRegen 0.25/turn                (no ring)
MPRegen 0.00/turn                (no ring)

@: flying
A: sickness immunity, fire resistance 2, cold vulnerability 1, float, innate
caster, HP casting, extra vitality 1
a: no special abilities


You were on level 1 of the Dungeon.
You visited 1 branch of the dungeon, and saw 2 of its levels.

You collected 60 gold pieces.

Inventory:

Missiles
 d - a throwing net
Armour
 a - a +0 robe (worn)
Scrolls
 e - a scroll of blinking {unknown}
 f - a scroll of enchant weapon {unknown}
 g - a scroll of noise {unknown}
Potions
 b - 2 potions of cancellation {unknown}
 c - a potion of flight {unknown}
 h - a potion of resistance {unknown}


   Skills:
 + Level 3.1 Dodging
 + Level 2.3 Stealth
 + Level 3.6 Spellcasting


You couldn't memorise any spells.
You knew the following spells:

 Your Spells              Type           Power      Damage    Failure   Level
a - Magic Dart            Conj           80%        1d7       2%          1
b - Searing Ray           Conj           40%        2d5       4%          2
c - Dazzling Flash        Conj/Hex       40%        N/A       8%          3
d - Fulminant Prism       Conj/Hex       10%        3d9       26%         4
e - Iskenderun's Mystic   Conj/Tloc      20%        2d6       26%         4
f - Apportation           Tloc           40%        N/A       2%          1
Your spell library was empty.

Dungeon Overview and Level Annotations

Branches:
Dungeon (2/15)

Altars:

Annotations:
D:2 Robin


Innate Abilities, Weirdness & Mutations

You are immune to sickness and miasma.
You are immune to poison.
Your flesh is very heat resistant. (rF++)
You are vulnerable to cold. (rC-)
You float through the air rather than walking.
You learn spells naturally, not from books.
Your magical power is your life essence.
You have superior vitality. (+4 MHP)


Message History

The searing ray hits the adder.
The adder is heavily wounded. (Press . to maintain the ray.)
The adder bites you. The frilled lizard barely misses you.
The goblin hits you but does no damage.
The searing ray hits the adder.
The adder is almost dead.
The adder barely misses you. The frilled lizard barely misses you.
The goblin hits you with a +0 club.
The searing ray misses the adder.
The adder bites you. The adder closely misses you.
The frilled lizard bites you. The goblin hits you with a +0 club.
Robin roars a battlecry!
The goblins go into a battle-frenzy!
The goblin hits you with a +0 dagger of venom.
* * * LOW HITPOINT WARNING * * *
The searing ray hits the adder.
You kill the adder!
* * * LOW HITPOINT WARNING * * *
You finish channelling your searing ray.
The frilled lizard barely misses you. The goblin closely misses you.
The goblin hits you but does no damage.
You have reached level 4!
You feel clever. The goblin attacks as you move away!
The goblin completely misses you. The frilled lizard bites you.
* * * LOW HITPOINT WARNING * * *
Robin roars a battlecry!
The goblin goes into a battle-frenzy!
You hear a shout!
There is a stone staircase leading up, spattered with blood here.
The goblin closely misses you. The frilled lizard bites you.
* * * LOW HITPOINT WARNING * * *
The goblin barely misses you.
You fly upwards.
There is a stone staircase leading down here.
The goblin hits you with a +0 dagger of venom.
* * * LOW HITPOINT WARNING * * *
The frilled lizard bites you.
You die...

############## #.### #.#
...........(.# #.†.# #.#
.............#####.# #.#
...................# #.#
.............####### #.#
.............# #.#
.............##### #.#
............(+...# #.####
.............###@## #....#
...............lgg# ####.#
..............###.#######.#
.####'###'###.###.#.......#
..+.....#)#.....+.#.#######
.##+#.#######.###.#.#
....#.'.....#.#.'.#.#
###.#.#..<..#.#.#.#.#
#.#+#..>..#+#.#.#.#


You could see 2 goblins and a frilled lizard.

Vanquished Creatures
  An adder (D:2)
  5 dart slugs (D:1)
  4 ball pythons (D:1)
  2 endoplasms (D:1)
  2 giant cockroaches (D:1)
  5 goblins
  6 kobolds (D:1)
  A quokka (D:1)
  4 bats (D:1)
  2 rats (D:1)
32 creatures vanquished.

Notes
Turn   | Place    | Note
-------+----------+-------------------------------------------
     0 | D:1      | wormed the Djinni Conjurer began the quest for the Orb.
     0 | D:1      | wormed set off with the following spells memorised: Magic
                  | Dart, Searing Ray, Dazzling Flash, Fulminant Prism,
                  | Iskenderun's Mystic Blast.
     0 | D:1      | Reached XP level 1. HP: 15/15 MP: 0/0
    80 | D:1      | Reached XP level 2. HP: 10/21 MP: 0/0
   357 | D:1      | Reached XP level 3. HP: 18/25 MP: 0/0
   357 | D:1      | Learned a level 1 spell: Apportation
   448 | D:1      | Found a faded altar of an unknown god.
   989 | D:2      | Noticed Robin
  1007 | D:2      | Reached XP level 4. HP: 7/31 MP: 0/0
  1010 | D:1      | HP: 1/31 [goblin/+0 dagger of venom[Robin] (3)]
  1010 | D:1      | Slain by a frilled lizard

Illustrated notes

Levels and vault maps discovered:
D:1:      shiori_arrival_maze, layout_basic,
          chequers_ecumenical_altar_simple_redux
D:2:      layout_loops_cross, basic_altar, uniq_robin, uniq_terence,
          uniq_crazy_yiuf_cottage

Skill      XL: |  1  2  3 |
---------------+----------+-----
Stealth        | 2 |  2.3
Dodging        | 3 |  3.1
Spellcasting   | |  3.6

Action                   |  1- 3 |  4- 6 || total
-------------------------+-------+-------++-------
 Cast: Magic Dart        |    10 |       ||    10
       Searing Ray       |    26 |       ||    26
Armor: Robe              |     7 |       ||     7
Dodge: Dodged            |    14 |     3 ||    17

Table legend: (Time is in decaauts)
 A = Elapsed time spent in this place.
 B = Non-inter-level travel time spent in this place.
 C = Inter-level travel time spent in this place.
 D = Time resting spent in this place.
 E = Time spent auto-exploring this place.
 F = Levels seen in this place.
 G = Mean time per level.
                   A        B        C        D        E       F      G
               +--------+--------+--------+--------+--------+-----+--------+
         Total |   1010 |    980 |     30 |      0 |    828 |   2 |  505.0 |
       Dungeon |   1010 |    980 |     30 |      0 |    828 |   2 |  505.0 |
               +--------+--------+--------+--------+--------+-----+--------+

Top non-repeatable levels by time:
     D:1: 990 daAuts
     D:2: 19 daAuts
